| TOP OF THE 1ST |
|
Wisconsin Timber Rattlers batting - Pitching for Dayton Dragons : RHP Roberto Cortez
|
|
Pitching: RHP Roberto Cortez
|
|
|
Batting: RHB Carlos Salazar
|
0-0: Ball 1-0: SINGLE (Flyball, 78S, EV 86.2 MPH)
|
|
Batting: LHB Joe Vida
|
0-0: Called Strike 0-1: Ball 1-1: Ball Carlos Salazar steals 2nd base (no throw) 2-1: Swinging Strike 2-2: Ground out 3-1 (Groundball, 34, EV 89.4 MPH) Carlos Salazar to third
|
|
Batting: RHB Nick Garland
|
0-0: Foul Ball, location: 2F 0-1: Ball 1-1: Called Strike 1-2: Foul Ball, location: 2F 1-2: Strikes out swinging
|
|
Batting: RHB Rafael Medina
|
0-0: Called Strike 0-1: Ball 1-1: Foul Ball, location: 2F 1-2: Ball 2-2: Foul Ball, location: 2F 2-2: Ball 3-2: Strikes out swinging
|
| Top of the 1st over - 0 runs, 1 hit, 0 errors, 1 left on base; Wisconsin 0 - Dayton 0 |
| BOTTOM OF THE 1ST |
|
Dayton Dragons batting - Pitching for Wisconsin Timber Rattlers : RHP Brett Rosinsky
|
|
Pitching: RHP Brett Rosinsky
|
|
|
Batting: LHB Matt Kennedy
|
0-0: Ball 1-0: Foul Ball, location: 2F 1-1: Foul Ball, location: 2F 1-2: Ball 2-2: Ball 3-2: Strikes out swinging
|
|
Batting: LHB Leo Gomez
|
0-0: Called Strike 0-1: Called Strike 0-2: Ball 1-2: Ball 2-2: Foul Ball, location: 2F 2-2: Ball 3-2: TRIPLE (Flyball, 89XD, EV 90.0 MPH)
|
|
Batting: SHB Kristian Kristensen
|
0-0: Called Strike 0-1: Ball 1-1: Ground out 4-3 (Groundball, 4S, EV 85.0 MPH) Leo Gomez scores
|
|
Batting: RHB Bruno André
|
0-0: Ball 1-0: Foul Ball, location: 2F 1-1: Ball 2-1: Foul Ball, location: 2F 2-2: Strikes out looking
|
| Bottom of the 1st over - 1 run, 1 hit, 0 errors, 0 left on base; Wisconsin 0 - Dayton 1 |
| TOP OF THE 2ND |
|
Wisconsin Timber Rattlers batting - Pitching for Dayton Dragons : RHP Roberto Cortez
|
|
Batting: RHB Nick Spiller
|
0-0: Called Strike 0-1: Foul Ball, location: 2F 0-2: Ball 1-2: Foul Ball, location: 2F 1-2: Strikes out swinging
|
|
Batting: RHB John Freeman
|
0-0: Ball 1-0: Foul Ball, location: 2F 1-1: Ball 2-1: Ball 3-1: SINGLE (Groundball, 6MD, EV 93.8 MPH)
|
|
Batting: RHB Gene Sutton
|
0-0: Called Strike John Freeman steals 2nd base 0-1: Ball 1-1: Ground out 5-3 (Groundball, 56S, EV 88.1 MPH)
|
|
Batting: RHB Dave Bateman
|
0-0: Called Strike 0-1: Ball 1-1: Ground out 5-3 (Groundball, 56S, EV 69.4 MPH)
|
| Top of the 2nd over - 0 runs, 1 hit, 0 errors, 1 left on base; Wisconsin 0 - Dayton 1 |
| BOTTOM OF THE 2ND |
|
Dayton Dragons batting - Pitching for Wisconsin Timber Rattlers : RHP Brett Rosinsky
|
|
Batting: RHB John Galluzzo
|
0-0: SOLO HOME RUN (Flyball, 7D, EV 100.0 MPH), Distance : 374 ft
|
|
Batting: RHB Ben Hinman
|
0-0: Called Strike 0-1: Ball 1-1: Swinging Strike 1-2: Ball 2-2: Strikes out looking
|
|
Batting: RHB Pat Grover
|
0-0: Called Strike 0-1: Swinging Strike 0-2: Strikes out swinging
|
|
Batting: RHB Frank Moron
|
0-0: Swinging Strike 0-1: Fly out, F8 (Line Drive, 8RD, EV 99.4 MPH)
|
| Bottom of the 2nd over - 1 run, 1 hit, 0 errors, 0 left on base; Wisconsin 0 - Dayton 2 |
| TOP OF THE 3RD |
|
Wisconsin Timber Rattlers batting - Pitching for Dayton Dragons : RHP Roberto Cortez
|
|
Batting: RHB Raymond Young
|
0-0: Foul Ball, location: 2F 0-1: Swinging Strike 0-2: Strikes out swinging
|
|
Batting: RHB Carlos Salazar
|
0-0: Foul Ball, location: 2F 0-1: DOUBLE (Flyball, 8LXD, EV 108.1 MPH)
|
|
Batting: LHB Joe Vida
|
0-0: Ball 1-0: Foul Ball, location: 2F 1-1: Swinging Strike 1-2: Foul Ball, location: 2F 1-2: SINGLE (Line Drive, 6MD, EV 99.4 MPH) Carlos Salazar to third
|
|
Batting: RHB Nick Garland
|
0-0: Ball 1-0: Ball 2-0: DOUBLE (Groundball, 5L, EV 106.9 MPH) Carlos Salazar scores Joe Vida to third Runner from 3rd tries for Home, SAFE, no throw by LF
|
|
Batting: RHB Rafael Medina
|
0-0: Swinging Strike 0-1: Reached on error, E6 (Groundball, 6, EV 90.0 MPH) Nick Garland to third
|
|
Batting: RHB Nick Spiller
|
0-0: Ball 1-0: Foul Ball, location: 2F 1-1: SINGLE (Groundball, 56D, EV 108.8 MPH) (infield hit) Nick Garland scores Rafael Medina to second
|
|
Batting: RHB John Freeman
|
0-0: Ball 1-0: Foul Ball, location: 2F 1-1: Swinging Strike 1-2: Ball 2-2: Ball 3-2: Strikes out swinging
|
|
Batting: RHB Gene Sutton
|
0-0: Ball 1-0: Called Strike 1-1: Swinging Strike 1-2: SINGLE (Groundball, 6MD, EV 100.0 MPH) Rafael Medina to third Nick Spiller to second Runner from 3rd tries for Home, SAFE, throw by CF to home
|
|
Batting: RHB Dave Bateman
|
0-0: Ball 1-0: Foul Ball, location: 2F 1-1: Ball 2-1: Swinging Strike 2-2: Foul Ball, location: 2F 2-2: Strikes out swinging
|
| Top of the 3rd over - 4 runs, 5 hits, 1 error, 2 left on base; Wisconsin 4 - Dayton 2 |
| BOTTOM OF THE 3RD |
|
Dayton Dragons batting - Pitching for Wisconsin Timber Rattlers : RHP Brett Rosinsky
|
|
Batting: RHB Tim Walter
|
0-0: Ball 1-0: Ball 2-0: Called Strike 2-1: Foul Ball, location: 2F 2-2: SINGLE (Groundball, 56S, EV 66.9 MPH) (infield hit)
|
|
Batting: LHB Matt Kennedy
|
0-0: Ball 1-0: Ball 2-0: Called Strike 2-1: SINGLE (Flyball, 34D, EV 87.5 MPH) Tim Walter to second
|
|
Batting: LHB Leo Gomez
|
0-0: Ball 1-0: Foul Ball, location: 2F 1-1: Fly out, F7 (Flyball, 7, EV 83.8 MPH)
|
|
Batting: SHB Kristian Kristensen
|
0-0: Ball 1-0: Foul Ball, location: 2F 1-1: Swinging Strike 1-2: Ball 2-2: SINGLE (Groundball, 4MD, EV 96.9 MPH) Tim Walter to third Matt Kennedy to second Runner from 3rd tries for Home, throw by CF and OUT! 8-2
|
|
Batting: RHB Bruno André
|
0-0: Foul Ball, location: 2F 0-1: Ball 1-1: Called Strike 1-2: Ball 2-2: Strikes out swinging
|
| Bottom of the 3rd over - 0 runs, 3 hits, 0 errors, 2 left on base; Wisconsin 4 - Dayton 2 |
| TOP OF THE 4TH |
|
Wisconsin Timber Rattlers batting - Pitching for Dayton Dragons : RHP Roberto Cortez
|
|
Batting: RHB Raymond Young
|
0-0: Ball 1-0: Ball 2-0: Ball 3-0: Called Strike 3-1: Foul Ball, location: 2F 3-2: Foul Ball, location: 2F 3-2: Foul Ball, location: 2F 3-2: Strikes out swinging
|
|
Batting: RHB Carlos Salazar
|
0-0: Foul Ball, location: 2F 0-1: Ball 1-1: Swinging Strike 1-2: Foul Ball, location: 2F 1-2: Ball 2-2: Strikes out swinging
|
|
Batting: LHB Joe Vida
|
0-0: Foul Ball, location: 2F 0-1: Called Strike 0-2: Ball 1-2: Ball 2-2: Ball 3-2: Base on Balls
|
|
Batting: RHB Nick Garland
|
0-0: Ball 1-0: Called Strike 1-1: Fielders Choice at 2nd, 6-4 (Groundball, 6, EV 81.9 MPH)
|
| Top of the 4th over - 0 runs, 0 hits, 0 errors, 1 left on base; Wisconsin 4 - Dayton 2 |
| BOTTOM OF THE 4TH |
|
Dayton Dragons batting - Pitching for Wisconsin Timber Rattlers : RHP Brett Rosinsky
|
|
Batting: RHB John Galluzzo
|
0-0: Ball 1-0: Ball 2-0: Fly out, F7 (Flyball, 7LM, EV 83.8 MPH)
|
|
Batting: RHB Ben Hinman
|
0-0: Ball 1-0: Swinging Strike 1-1: Foul Ball, location: 2F 1-2: Foul Ball, location: 2F 1-2: Strikes out swinging
|
|
Batting: RHB Pat Grover
|
0-0: Called Strike 0-1: Ball 1-1: Ball 2-1: Ground out 4-3 (Groundball, 34, EV 100.6 MPH)
|
| Bottom of the 4th over - 0 runs, 0 hits, 0 errors, 0 left on base; Wisconsin 4 - Dayton 2 |
| TOP OF THE 5TH |
|
Wisconsin Timber Rattlers batting - Pitching for Dayton Dragons : RHP Roberto Cortez
|
|
Batting: RHB Rafael Medina
|
0-0: Ball 1-0: Called Strike 1-1: Ground out 5-3 (Groundball, 56, EV 79.4 MPH)
|
|
Batting: RHB Nick Spiller
|
0-0: DOUBLE (Groundball, 5L, EV 108.1 MPH)
|
|
Batting: RHB John Freeman
|
0-0: Ball 1-0: Called Strike 1-1: Ball 2-1: Ball 3-1: Swinging Strike 3-2: 2-RUN HOME RUN (Flyball, 7D, EV 96.9 MPH), Distance : 372 ft
|
|
Pitching: RHP Doug Elliott
|
|
|
Batting: RHB Gene Sutton
|
0-0: Ball 1-0: Ball 2-0: Ground out U3 (Groundball, 34S, EV 91.2 MPH)
|
|
Batting: RHB Dave Bateman
|
0-0: Foul Ball, location: 2F 0-1: Foul Ball, location: 2F 0-2: Ball 1-2: Ball 2-2: SINGLE (Groundball, 6S, EV 66.9 MPH) (infield hit)
|
|
Batting: RHB Raymond Young
|
0-0: Called Strike Dave Bateman steals 2nd base 0-1: Swinging Strike 0-2: Ball 1-2: Ball Wild Pitch! Dave Bateman to third 2-2: Foul Ball, location: 2F 2-2: Ball 3-2: Foul Ball, location: 2F 3-2: Foul Ball, location: 2F 3-2: Base on Balls
|
|
Batting: RHB Carlos Salazar
|
0-0: Ball 1-0: Called Strike 1-1: Foul Ball, location: 2F 1-2: Foul Ball, location: 2F 1-2: Ball 2-2: Ball 3-2: Ground out 5-3 (Groundball, 5S, EV 63.8 MPH)
|
| Top of the 5th over - 2 runs, 3 hits, 0 errors, 2 left on base; Wisconsin 6 - Dayton 2 |
| BOTTOM OF THE 5TH |
|
Dayton Dragons batting - Pitching for Wisconsin Timber Rattlers : RHP Brett Rosinsky
|
|
Batting: RHB Frank Moron
|
0-0: Called Strike 0-1: Swinging Strike 0-2: Ball 1-2: Ball 2-2: Foul Ball, location: 2F 2-2: Strikes out swinging
|
|
Batting: RHB Tim Walter
|
0-0: SINGLE (Flyball, 3D, EV 92.5 MPH)
|
|
Batting: LHB Matt Kennedy
|
0-0: Ball 1-0: Foul Ball, location: 2F 1-1: Foul Ball, location: 2F 1-2: Ball 2-2: Foul Ball, location: 2F 2-2: Ball 3-2: Grounds into double play, 4-6-3 (Groundball, 4, EV 106.9 MPH)
|
| Bottom of the 5th over - 0 runs, 1 hit, 0 errors, 0 left on base; Wisconsin 6 - Dayton 2 |
| TOP OF THE 6TH |
|
Wisconsin Timber Rattlers batting - Pitching for Dayton Dragons : RHP Doug Elliott
|
|
Pitching: LHP Tim Ketcham
|
|
|
Batting: LHB Joe Vida
|
0-0: Called Strike 0-1: Foul Ball, location: 2F 0-2: Ball 1-2: Ground out 4-3 (Groundball, 4, EV 78.8 MPH)
|
|
Batting: RHB Nick Garland
|
0-0: Called Strike 0-1: Ball 1-1: Ball 2-1: Ball 3-1: Base on Balls
|
|
Batting: RHB Rafael Medina
|
0-0: Grounds into double play, 6-4-3 (Groundball, 6, EV 92.5 MPH)
|
| Top of the 6th over - 0 runs, 0 hits, 0 errors, 0 left on base; Wisconsin 6 - Dayton 2 |
| BOTTOM OF THE 6TH |
|
Dayton Dragons batting - Pitching for Wisconsin Timber Rattlers : RHP Brett Rosinsky
|
|
Pitching: RHP Brian Harper
|
|
|
Batting: LHB Leo Gomez
|
0-0: Called Strike 0-1: DOUBLE (Line Drive, 9LS, EV 104.4 MPH)
|
|
Batting: SHB Kristian Kristensen
|
0-0: Ball 1-0: Ball 2-0: Called Strike 2-1: Ball 3-1: 2-RUN HOME RUN (Flyball, 89XD, EV 97.5 MPH), Distance : 391 ft
|
|
Batting: RHB Bruno André
|
0-0: Called Strike 0-1: Foul Ball, location: 2F 0-2: Ball 1-2: Foul Ball, location: 2F 1-2: Ball 2-2: Strikes out swinging
|
|
Batting: RHB John Galluzzo
|
0-0: Ball 1-0: Ball 2-0: Ground out 5-3 (Groundball, 56, EV 104.4 MPH)
|
|
Batting: RHB Ben Hinman
|
0-0: Ball 1-0: Fly out, F9 (Flyball, 89D, EV 77.5 MPH)
|
| Bottom of the 6th over - 2 runs, 2 hits, 0 errors, 0 left on base; Wisconsin 6 - Dayton 4 |
| TOP OF THE 7TH |
|
Wisconsin Timber Rattlers batting - Pitching for Dayton Dragons : LHP Tim Ketcham
|
|
Batting: RHB Nick Spiller
|
0-0: Called Strike 0-1: Ground out 5-3 (Groundball, 56S, EV 88.8 MPH)
|
|
Batting: RHB John Freeman
|
0-0: Hit by Pitch
|
|
Batting: RHB Gene Sutton
|
0-0: Ball John Freeman steals 2nd, throwing error, E2 John Freeman to third 1-0: Ball 2-0: 2-RUN HOME RUN (Flyball, 7LD, EV 94.4 MPH), Distance : 345 ft
|
|
Batting: RHB Dave Bateman
|
0-0: Called Strike 0-1: Ground out 6-3 (Groundball, 56, EV 104.4 MPH)
|
|
Batting: RHB Raymond Young
|
0-0: Called Strike 0-1: Foul Ball, location: 2F 0-2: Ball 1-2: Foul Ball, location: 2F 1-2: Reached on error, E6 (Groundball, 6, EV 92.5 MPH)
|
|
Batting: RHB Carlos Salazar
|
0-0: Called Strike 0-1: Foul Ball, location: 2F 0-2: Strikes out looking
|
| Top of the 7th over - 2 runs, 1 hit, 2 errors, 1 left on base; Wisconsin 8 - Dayton 4 |
| BOTTOM OF THE 7TH |
|
Dayton Dragons batting - Pitching for Wisconsin Timber Rattlers : RHP Brian Harper
|
|
Pitching: RHP Jason Ukena
|
|
|
Batting: RHB Pat Grover
|
0-0: Ball 1-0: Called Strike 1-1: DOUBLE (Line Drive, 9LM, EV 105.0 MPH)
|
|
Batting: RHB Frank Moron
|
0-0: Ball 1-0: Ball 2-0: Foul Ball, location: 2F 2-1: Foul Ball, location: 2F 2-2: Ball 3-2: Base on Balls
|
|
Batting: RHB Tim Walter
|
0-0: Bunt missed! 0-1: Bunt missed! 0-2: Ball 1-2: Fielders Choice at 2nd, 6-4 (Groundball, 6, EV 101.9 MPH) Pat Grover to third
|
|
Batting: LHB Matt Kennedy
|
0-0: Foul Ball, location: 2F 0-1: Swinging Strike 0-2: Ball 1-2: Ball 2-2: SINGLE (Line Drive, 78S, EV 91.9 MPH) Pat Grover scores Tim Walter to second
|
|
Batting: LHB Leo Gomez
|
0-0: Foul Ball, location: 2F 0-1: Ball 1-1: Fielders Choice at 2nd, 3-6 (Groundball, 34S, EV 85.0 MPH) Tim Walter to third
|
|
Batting: SHB Kristian Kristensen
|
0-0: Swinging Strike 0-1: Ball 1-1: Swinging Strike 1-2: Ball 2-2: Fielders Choice at 2nd, 5-4 (Groundball, 5, EV 86.9 MPH)
|
| Bottom of the 7th over - 1 run, 2 hits, 0 errors, 2 left on base; Wisconsin 8 - Dayton 5 |
| TOP OF THE 8TH |
|
Wisconsin Timber Rattlers batting - Pitching for Dayton Dragons : LHP Tim Ketcham
|
|
Pitching: RHP Adam McCurdy
|
|
|
Batting: LHB Joe Vida
|
0-0: Ball 1-0: Swinging Strike 1-1: Ball 2-1: Foul Ball, location: 2F 2-2: Ball 3-2: Ground out 5-3 (Groundball, 56S, EV 83.8 MPH)
|
|
Batting: RHB Nick Garland
|
0-0: Foul Ball, location: 2F 0-1: Foul Ball, location: 2F 0-2: Ball 1-2: Ball 2-2: Ball 3-2: Foul Ball, location: 2F 3-2: Fly out, F8 (Flyball, 8LD, EV 102.5 MPH)
|
|
Batting: RHB Rafael Medina
|
0-0: Called Strike 0-1: Ball 1-1: Swinging Strike 1-2: Strikes out swinging
|
| Top of the 8th over - 0 runs, 0 hits, 0 errors, 0 left on base; Wisconsin 8 - Dayton 5 |
| BOTTOM OF THE 8TH |
|
Dayton Dragons batting - Pitching for Wisconsin Timber Rattlers : RHP Jason Ukena
|
|
DELAY
|
Rain delay of 50 minutes in the 8th inning.
|
|
Pitching: RHP Jeff Alanis
|
|
|
Batting: RHB Bruno André
|
0-0: Foul Ball, location: 2F 0-1: Foul Ball, location: 2F 0-2: Ball 1-2: Foul Ball, location: 2F 1-2: Fly out, F9 (Flyball, 9LM, EV 88.1 MPH)
|
|
Batting: RHB John Galluzzo
|
0-0: Ball 1-0: Called Strike 1-1: Swinging Strike 1-2: Strikes out looking
|
|
Pinch Hitting: LHB Andrew Hamm
|
0-0: Foul Ball, location: 2F 0-1: Called Strike 0-2: Foul Ball, location: 2F 0-2: Ball 1-2: Ground out 4-3 (Groundball, 34, EV 100.6 MPH)
|
| Bottom of the 8th over - 0 runs, 0 hits, 0 errors, 0 left on base; Wisconsin 8 - Dayton 5 |
| TOP OF THE 9TH |
|
Wisconsin Timber Rattlers batting - Pitching for Dayton Dragons : RHP Adam McCurdy
|
|
Pitching: RHP Justin Ambrose
|
|
|
Now at 1B: Andrew Hamm
|
|
|
Batting: RHB Nick Spiller
|
0-0: Swinging Strike 0-1: Ball 1-1: Called Strike 1-2: Strikes out swinging
|
|
Batting: RHB John Freeman
|
0-0: SINGLE (Line Drive, 7S, EV 105.6 MPH)
|
|
Batting: RHB Gene Sutton
|
0-0: Ball 1-0: SINGLE (Groundball, 6MD, EV 108.1 MPH) John Freeman to second Runner from 2nd tries for 3rd, SAFE, throw by CF made to third Gene Sutton to second
|
|
Batting: RHB Dave Bateman
|
0-0: Foul Ball, location: 2F 0-1: Ground out 6-3 (Groundball, 6S, EV 84.4 MPH) John Freeman scores
|
|
Batting: RHB Raymond Young
|
0-0: Ground out 1-3 (Groundball, 25, EV 67.5 MPH)
|
| Top of the 9th over - 1 run, 2 hits, 0 errors, 1 left on base; Wisconsin 9 - Dayton 5 |
| BOTTOM OF THE 9TH |
|
Dayton Dragons batting - Pitching for Wisconsin Timber Rattlers : RHP Jeff Alanis
|
|
Pitching: LHP Tom Barone
|
|
|
Batting: RHB Pat Grover
|
0-0: Called Strike 0-1: Ground out 5-3 (Groundball, 5S, EV 76.9 MPH)
|
|
Batting: RHB Frank Moron
|
0-0: Called Strike 0-1: SINGLE (Groundball, 4MD, EV 109.4 MPH)
|
|
Batting: RHB Tim Walter
|
0-0: Ball 1-0: Ball 2-0: Fielders Choice at 2nd, 5-4 (Groundball, 5, EV 85.6 MPH)
|
|
Pinch Hitting: RHB Mark Williams
|
0-0: Ball 1-0: Called Strike 1-1: Foul Ball, location: 2F 1-2: 2-RUN HOME RUN (Line Drive, 7LD, EV 92.5 MPH), Distance : 337 ft
|
|
Pitching: RHP Elijah Seabrooks
|
|
|
Batting: LHB Leo Gomez
|
0-0: Called Strike 0-1: Called Strike 0-2: Ball 1-2: SINGLE (Line Drive, 78M, EV 90.6 MPH)
|
|
Batting: SHB Kristian Kristensen
|
0-0: Called Strike 0-1: Ball 1-1: Swinging Strike 1-2: Ball 2-2: Ball 3-2: Foul Ball, location: 2F 3-2: Base on Balls Leo Gomez to second
|
|
Batting: RHB Bruno André
|
0-0: Foul Ball, location: 2F 0-1: Ball 1-1: Ball 2-1: Foul Ball, location: 2F 2-2: Foul Ball, location: 2F 2-2: Ball 3-2: Base on Balls Leo Gomez to third Kristian Kristensen to second
|
|
Batting: RHB John Galluzzo
|
0-0: Ball 1-0: Ball 2-0: GRAND SLAM HOME RUN (Flyball, 78XD, EV 98.1 MPH), Distance : 383 ft
|
| Bottom of the 9th over - 6 runs, 4 hits, 0 errors, 0 left on base; Wisconsin 9 - Dayton 11 |
| |
|
Game Over ... Dayton defeats Wisconsin, 11 to 9
|
|
|